 Dungeon Crawl Stone Soup version 0.19.1-1-g22dce08 (webtiles) character file.

60 theAP the Skirmisher (level 4, -3/29 HPs)
             Began as a Gargoyle Monk on Jan 4, 2017.
             Slain by a gnoll
             ... wielding a +0 halberd
              (6 damage)
             ... on level 2 of the Dungeon.
             The game lasted 00:02:04 (811 turns).

theAP the Skirmisher (Gargoyle Monk)                 Turns: 811, Time: 00:02:05

Health: -3/29      AC: 14    Str: 15    XL:     4   Next: 4%
Magic:  4/4        EV:  4    Int: 11    God:
Gold:   62         SH:  0    Dex: 12    Spells: 0 memorised, 3 levels left

rFire  . . .     SeeInvis .     a - +0 mace
rCold  + . .     Gourm    .     i - +0 plate armour
rNeg   + . .     Faith    .     (no shield)
rPois  ∞         Spirit   .     (no helmet)
rElec  +         Reflect  .     k - +0 cloak
rCorr  .         Harm     .     (no gloves)
MR     .....                    (no boots)
Stlth  ..........               (no amulet)
                                (no ring)
                                e - ring of protection from cold

@: no status effects
A: negative energy resistance 1, electricity resistance, unbreathing,
petrification resistance, rot immunity, AC +3
a: no special abilities


You were on level 2 of the Dungeon.
You were not hungry.

You visited 1 branch of the dungeon, and saw 2 of its levels.

You collected 62 gold pieces.

Inventory:

Hand Weapons
 a - a +0 mace (weapon)
Armour
 b - a +0 robe
 i - a +0 plate armour (worn)
 k - a +0 cloak (worn)
Jewellery
 e - a ring of protection from cold (left hand)
 l - an uncursed ring of flight {unknown}
Scrolls
 d - a scroll of immolation {unknown}
 g - a scroll of fog {unknown}
 h - a scroll of noise {unknown}
 j - a scroll of enchant weapon {unknown}
 m - a scroll of identify {unknown}
 n - a scroll of remove curse {unknown}
Comestibles
 c - a bread ration
 f - a meat ration


   Skills:
 + Level 4.2 Fighting
 + Level 3.9 Maces & Flails
 - Level 2.5 Dodging
 - Level 2.2 Stealth


You had 3 spell levels left.
You didn't know any spells.

Dungeon Overview and Level Annotations

Branches:
Dungeon (2/15)

Altars:


Innate Abilities, Weirdness & Mutations

You are resistant to torment.
Your stone body is resilient. (AC +3)
You are immune to poison.
You resist negative energy. (rN+)
You are resistant to electric shocks. (rElec)
You can survive without breathing.
You are immune to petrification.
You are immune to rotting.


Message History

The gnoll hits you but does no damage.
You hit the gnoll.
The gnoll is heavily wounded.
The gnoll hits you from afar with a halberd.
The gnoll completely misses you. The gnoll hits you but does no damage.
You hit the gnoll.
The gnoll is severely wounded.
The gnoll hits you but does no damage. The gnoll barely misses you.
The gnoll hits you but does no damage.
You hit the gnoll.
You kill the gnoll!
You have reached level 4!
You feel clever.
The gnoll hits you from afar with a halberd.
* * * LOW HITPOINT WARNING * * *
The gnoll hits you from afar with a halberd.
* * * LOW HITPOINT WARNING * * *
You aren't carrying any potions.
The gnoll barely misses you. The gnoll hits you with a halberd.
You die...

#.###.##.....# #.#
#.###....# #.###.#
##.#.# ##...#.####.#.#
# #.#..#........# ####
##...######'### #..
##.## ##...## #.# #)#
##.....###.# #@#
##.......##.## #....gg#
#<........#.## #.......
+.........'...
#.#...####.........####
# ##.# ##.......## # ##
##.....## ##...## ##...
#.##


You could see 2 gnolls.

Vanquished Creatures
  2 gnolls (D:2)
  2 oozes (D:1)
  2 dart slugs (D:1)
  A ball python (D:2)
  6 bats
  2 giant cockroaches (D:1)
  2 hobgoblins (D:1)
  2 kobolds (D:1)
  3 frilled lizards
  3 goblins (D:1)
  6 rats (D:1)
31 creatures vanquished.

Notes
Turn   | Place    | Note
-------+----------+-------------------------------------------
     0 | D:1      | theAP the Gargoyle Monk began the quest for the Orb.
     0 | D:1      | Reached XP level 1. HP: 14/14 MP: 1/1
    62 | D:1      | Reached XP level 2. HP: 13/19 MP: 2/2
   315 | D:1      | Reached XP level 3. HP: 20/24 MP: 3/3
   358 | D:1      | Reached skill level 4 in Fighting
   810 | D:2      | Reached XP level 4. HP: 11/29 MP: 4/4
   811 | D:2      | Slain by a gnoll

Skill      XL: |  1  2  3 |
---------------+----------+-----
Fighting       | 4 |  4.2
Maces & Flails | |  3.9
Dodging        | |  2.5
Stealth        | |  2.2

Action                   |  1- 3 |  4- 6 || total
-------------------------+-------+-------++-------
Melee: Mace              |   114 |       ||   114
 Stab: Sleeping          |     2 |       ||     2
Armor: Robe              |    11 |       ||    11
       Plate armour      |    83 |       ||    83
Dodge: Dodged            |    61 |     1 ||    62
